 Dungeon Crawl Stone Soup version 0.32-a0-163-g159c032 (webtiles) character file.

Game seed: 18353970787208803120

593 Dorkslayer the Chopper (level 7, -1/60 HPs)
             Began as a Hill Orc Fighter on Feb 11, 2024.
             Slain by a gnoll sergeant
             ... wielding a +5 trident of distortion
              (17 damage)
             ... on level 4 of the Dungeon.
             The game lasted 00:09:38 (2736 turns).

Dorkslayer the Chopper (Hill Orc Fighter)           Turns: 2736, Time: 00:09:38

Health: -1/60      AC: 12    Str: 21    XL:     7   Next: 39%
Magic:  7/7        EV:  8    Int:  8    God:
Gold:   126        SH:  4    Dex: 10    Spells: 6/6 levels left

rFire   . . .        a - +1 war axe
rCold   . . .        c - +0 buckler
rNeg    . . .        z - +0 chain mail
rPois   +            (no helmet)
rElec   .            m - +2 cloak
rCorr   .            (no gloves)
SInv    .            (no boots)
Will    .....        (no amulet) Stlth
                     h - ring of poison resistance
HPRegen 0.30/turn    (no ring)
MPRegen 0.10/turn

%: no passive effects
@: mighty
A: no striking features
a: no special abilities


You were on level 4 of the Dungeon.
You visited 1 branch of the dungeon, and saw 4 of its levels.
You also visited: Sewer.

You collected 126 gold pieces.

Inventory:

Hand Weapons
 a - a +1 war axe (weapon)
 y - a +2 morningstar of protection
Armour
 c - a +0 buckler (worn)
 m - a +2 cloak (worn)
 z - a +0 chain mail (worn)
Jewellery
 h - a ring of poison resistance (left hand)
Wands
 l - a wand of charming (7)
 o - a wand of roots (7)
Scrolls
 e - 3 scrolls of enchant weapon
 i - 2 scrolls of vulnerability
 j - a scroll of enchant armour
 n - 2 scrolls of poison {unknown}
 s - a scroll of blinking {unknown}
 t - a scroll of immolation {unknown}
 v - a scroll of fog {unknown}
 x - a scroll of identify {unknown}
Potions
 d - a potion of might
 f - 2 potions of brilliance {unknown}
 k - 2 potions of heal wounds
 p - a potion of mutation {unknown}
 q - a potion of cancellation {unknown}
 u - a potion of haste {unknown}
 w - a potion of curing {unknown}


   Skills:
 + Level 4.9 Fighting
 + Level 6.7 Axes
 + Level 4.6 Armour
 * Level 2.2 Dodging
 + Level 0.2 Stealth
 + Level 3.9 Shields
 * Level 2.2 Evocations


You had 6 spell levels left.
You didn't know any spells.
Your spell library contained the following spells:

 Spells                   Type           Power      Damage    Failure   Level
 Summon Ice Beast         Ice/Summ       0%         N/A       100%        3
 Summon Mana Viper        Hex/Summ       0%         N/A       100%        5
 Monstrous Menagerie      Summ           0%         N/A       100%        7


Dungeon Overview and Level Annotations

Branches:
Dungeon (4/15)              Sewer (visited)
 Temple: D:4-7

Altars:

Shops:
D:1 =   D:2 (


Message History

You closely miss the orc. You slash the orc!
You kill the orc!
The gnoll hits you but does no damage.
The gnoll hits you from afar with a +0 spear!
You block the orc's attack. The gnoll hits you but does no damage.
Unknown command.
You slash the orc!
You kill the orc!
You closely miss the gnoll. You slash the gnoll!
The gnoll hits you but does no damage.
The gnoll hits you from afar with a +0 spear.
The gnoll closely misses you. x2
The gnoll hits you from afar with a +0 spear.
The gnoll hits you with a +0 club. The gnoll hits you but does no damage.
The gnoll barely misses you. x2
You barely miss the gnoll. x2; You slash the gnoll!
You kill the gnoll!
You slash the gnoll!
You kill the gnoll!
The gnoll barely misses you. The gnoll closely misses you.
The gnoll hits you but does no damage. The gnoll barely misses you.
Unknown command.
You closely miss the gnoll. You slash the gnoll!
You hit the gnoll sergeant but do no damage.
You slash the gnoll! You block the gnoll's attack.
The gnoll hits you from afar with a +0 spear!
The gnoll hits you but does no damage.
The gnoll sergeant hits you with a +5 trident of distortion.
Space warps horribly around you!
* * * LOW HITPOINT WARNING * * *
The gnoll barely misses you. x2
You slash the gnoll sergeant!
The gnoll sergeant is heavily wounded.
You barely miss the gnoll. You slash the gnoll!
You kill the gnoll!
You slash the gnoll!
You kill the gnoll!
The gnoll closely misses you.
The gnoll sergeant hits you with a +5 trident of distortion!
You die...

......[.....#
#.......>....
#............
##............
##.#.........
#..........
>.......g###
#...<.g@#
##....))gg.....
#....$#.....##.
.......##......#
........##........
.........##..###..
......... #.# .
......... ..


You could see a gnoll sergeant and 3 gnolls.

Vanquished Creatures
  Sigmund (D:3)
  A kobold brigand (Sewer)
  A bombardier beetle (D:3)
  An orc priest (D:3)
  Jessica (D:2)
  Terence (D:3)
  An orc wizard (D:3)
  5 adders
  4 gnolls (D:4)
  2 river rats (Sewer)
  2 ribbon worms
  2 dart slugs
  6 orcs
  13 ball pythons
  7 endoplasms
  7 giant cockroaches
  5 goblins
  3 hobgoblins
  2 jackals (D:1)
  20 kobolds
  5 quokkas
  6 bats
  7 frilled lizards
  26 rats
129 creatures vanquished.

Vanquished Creatures (collateral kills)
  Ijyb (D:3)
  An orc (D:3)
2 creatures vanquished.

Vanquished Creatures (others)
  An orc (D:3)
1 creature vanquished.

Grand Total: 132 creatures vanquished

Notes
Turn   | Place    | Note
-------+----------+-------------------------------------------
     0 | D:1      | Dorkslayer the Hill Orc Fighter began the quest for the
                  | Orb.
     0 | D:1      | Reached XP level 1. HP: 19/19 MP: 1/1
    97 | D:1      | Reached XP level 2. HP: 26/27 MP: 2/2
   172 | D:1      | Reached skill level 3 in Axes
   319 | D:1      | Found a faded altar of an unknown god.
   380 | D:1      | Reached XP level 3. HP: 33/33 MP: 3/3
   463 | D:1      | Found Wupledgh's Jewellery Emporium.
   539 | D:2      | Found Gulix's Weapon Emporium.
   807 | D:2      | Noticed Jessica
   811 | D:2      | Killed Jessica
   812 | D:2      | Reached skill level 4 in Axes
   812 | D:2      | Reached XP level 4. HP: 40/40 MP: 4/4
  1316 | D:3      | Reached skill level 1 in Dodging
  1334 | D:3      | Reached XP level 5. HP: 32/46 MP: 5/5
  1424 | D:3      | Noticed Ijyb
  1433 | D:3      | Reached skill level 5 in Axes
  1434 | D:3      | Killed Ijyb
  1522 | D:3      | Reached skill level 1 in Evocations
  1533 | D:3      | Found a glowing drain.
  1537 | Sewer    | Entered a sewer
  1686 | Sewer    | Reached XP level 6. HP: 48/53 MP: 6/6
  1819 | Sewer    | Reached skill level 6 in Axes
  2301 | D:3      | Noticed Terence
  2314 | D:3      | Killed Terence
  2534 | D:3      | Noticed Sigmund
  2557 | D:3      | Killed Sigmund
  2558 | D:3      | Reached XP level 7. HP: 31/60 MP: 7/7
  2736 | D:4      | Slain by a gnoll sergeant

Illustrated notes

Levels and vault maps discovered:
D:1:      spicycebolla_green_bress_n_ham_2, layout_basic,
          dreamdust_ecumenical_altar_angels_and_demons, serial_shops,
          nicolae_shop_gaudy_bauble
D:2:      layout_basic, serial_shops, nicolae_square_shop,
          minmay_split_cup_large, uniq_jessica
D:3:      layout_basic, gup_sewer_entry_spiral, kennysheep_generic_room_15,
          uniq_terence, uniq_ijyb, uniq_sigmund
D:4:      kennysheep_big_flooded_room, layout_cave_pools, tso_altar,
          lemuel_round_altar, minmay_temple_entry_trees, saegor_snake_ambush

Skill      XL: |  1  2  3  4  5  6 |
---------------+-------------------+-----
Axes           | 3 4 5 6 |  6.7
Fighting       | 4 |  4.9
Armour         | 4 |  4.6
Dodging        | 1 2 |  2.2
Evocations     | 1 2 |  2.2
Stealth        | |  0.2
Shields        | |  3.9

Action                     |  1- 3 |  4- 6 |  7- 9 || total
---------------------------+-------+-------+-------++-------
  Melee: War axe           |    94 |   192 |     9 ||   295
  Evoke: Wand              |       |     3 |       ||     3
    Use: Scroll            |       |     4 |       ||     4
         Potion            |       |     3 |     1 ||     4
 Armour: Scale mail        |    80 |   151 |       ||   231
         Chain mail        |       |    21 |    22 ||    43
  Dodge: Dodged            |    57 |   125 |    14 ||   196
  Block: Buckler           |    27 |    50 |     7 ||    84

Table legend: (Time is in decaauts)
 A = Elapsed time spent in this place.
 B = Non-inter-level travel time spent in this place.
 C = Inter-level travel time spent in this place.
 D = Time resting spent in this place.
 E = Time spent auto-exploring this place.
 F = Levels seen in this place.
 G = Mean time per level.
                   A        B        C        D        E       F      G
               +--------+--------+--------+--------+--------+-----+--------+
         Total |   2877 |   2877 |      0 |      0 |   1166 |   5 |  575.4 |
       Dungeon |   2508 |   2508 |      0 |      0 |   1166 |   4 |  627.0 |
         Sewer |    368 |    368 |      0 |      0 |      0 |   1 |  368.0 |
               +--------+--------+--------+--------+--------+-----+--------+

Top non-repeatable levels by time:
     D:3: 1188 daAuts
     D:2: 734 daAuts
     D:1: 571 daAuts
   Sewer: 368 daAuts
     D:4: 14 daAuts
